cohdb
Replays
Latest Replays
All Replays
Popular Replays
Top Player Replays
Match Explorer
How It Works
Community
CoH3 Stats
Reddit
Sign in to upload your games and track your stats! →
Sign in with Steam
Match 42974387
Unlisted
Match 42974387
Overview
Messages
Build Orders
End
Kradschützen Motorcycle Team
Selects Panzerjäger Kommand Battlegroup
Panzergrenadier Squad
250 Light Carrier
Panzergrenadier Squad
Construct Light Support Kompanie
Selects GrB 39 Grenade Launcher Requisition
Panzerjäger Squad
Fire Support Elements
Panzerjäger Mechanized Group
Flakvierling Half-track
Veteran Squad Leaders
Selects Crew Shock Tactics
Selects Mine Fields
Construct Panzerarmee Kommand
Pak 38 Mechanized Group
Panzer III L Medium Tank
Selects Anti-tank Overwatch
Vehicle Survival Package
Panzer III L Medium Tank
Tungsten Core Ammunition
Selects Elefant Tank Destroyer
Firehawk
rpmman99
ConcernedApe
Hunter
0
0
Comments
sign in to comment!
No comments posted yet!